 Dungeon Crawl Stone Soup version 0.30-a0-253-g6b895097cc (webtiles) character file.

Game seed: 18170022519161735313

79 Ijustatesigmund the Shield-Bearer (level 4, -1/40 (41) HPs)
             Began as a Gnoll Fighter on Oct 13, 2022.
             Slain by Crazy Yiuf
             ... wielding a +2 quarterstaff of chaos
              (7 damage)
             ... on level 3 of the Dungeon.
             The game lasted 00:02:20 (2060 turns).

Ijustatesigmund the Shield-Bearer (Gnoll Fighter)   Turns: 2060, Time: 00:02:21

HP:   -1/40 (41)    AC: 10    Str: 17    XL:     4   Next: 37%
MP:   5/5           EV:  7    Int:  7    God:
Gold: 144           SH:  5    Dex: 12    Spells: 5/5 levels left

rFire   . . .      SeeInvis .    a - +0 war axe
rCold   . . .      Faith    .    c - +0 buckler
rNeg    . . .      Spirit   .    b - +0 chain mail
rPois   .          Reflect  .    (no helmet)
rElec   .          Harm     .    (no cloak)
rCorr   .          Rampage  .    (no gloves)
Will    .....                    (no boots)
Stlth   ..........               (no amulet)
HPRegen 0.26/turn                (no ring)
MPRegen 0.09/turn                (no ring)

@: lightly drained
A: fangs 1, strong nose, distributed training
a: no special abilities


You were on level 3 of the Dungeon.
You visited 1 branch of the dungeon, and saw 3 of its levels.

You collected 154 gold pieces.
You spent 10 gold pieces at shops.

Inventory:

Hand Weapons
 a - a +0 war axe (weapon)
Armour
 b - a +0 chain mail (worn)
 c - a +0 buckler (worn)
Jewellery
 h - a ring of protection from cold
Wands
 i - a wand of charming (4)
Scrolls
 g - a scroll of vulnerability {unknown}
 k - a scroll of brand weapon {unknown}
 l - a scroll of fog {unknown}
 m - a scroll of identify {unknown}
Potions
 d - 2 potions of might
 e - a potion of heal wounds {unknown}
 f - a potion of lignification {unknown}
 j - 2 potions of curing {unknown}


   Skills:
 + Level 6.6 Fighting
 + Level 1.2 Short Blades
 + Level 1.2 Long Blades
 + Level 4.6 Axes
 + Level 1.2 Maces & Flails
 + Level 1.2 Polearms
 + Level 1.2 Staves
 + Level 1.2 Ranged Weapons
 + Level 1.2 Throwing
 + Level 6.6 Armour
 + Level 1.2 Dodging
 + Level 1.2 Stealth
 + Level 6.6 Shields
 + Level 1.2 Unarmed Combat
 + Level 1.2 Spellcasting
 + Level 1.0 Conjurations
 + Level 1.0 Hexes
 + Level 1.0 Summonings
 + Level 1.0 Necromancy
 + Level 1.0 Translocations
 + Level 1.0 Transmutations
 + Level 1.0 Fire Magic
 + Level 1.0 Ice Magic
 + Level 1.0 Air Magic
 + Level 1.0 Earth Magic
 + Level 1.0 Poison Magic
 + Level 1.3 Invocations
 + Level 1.2 Evocations


You had 5 spell levels left.
You didn't know any spells.
Your spell library was empty.

Dungeon Overview and Level Annotations

Branches:
Dungeon (3/15)

Altars:

Shops:
D:1 :!

Annotations:
D:3 Crazy Yiuf


Innate Abilities, Weirdness & Mutations

You have very sharp teeth.
Your uncanny sense of smell can sniff out nearby items.
Your experience applies equally to all skills.


Message History

You now have 144 gold pieces (gained 10).
You see here a +0 club.
Found a hammer.
Found a runed translucent door.
Crazy Yiuf shouts!
You see here a +0 club.
There is an open door here.
You see here a +0 leather armour.
There is a stone staircase leading down here.
j - 2 fizzy amethyst potions (gained 1)
There is an open door here.
You see here a +0 club.
Crazy Yiuf shouts!
Crazy Yiuf cries, "Orb!"
You open the door. You closely miss Crazy Yiuf. Crazy Yiuf closely misses you.
Crazy Yiuf hits you with a +2 quarterstaff of chaos.
You are electrocuted!
You slash Crazy Yiuf!
Crazy Yiuf is severely wounded.
Crazy Yiuf closely misses you.
You barely miss Crazy Yiuf.
Crazy Yiuf is severely wounded.
Crazy Yiuf barely misses you.
You hit Crazy Yiuf but do no damage. Your bite misses Crazy Yiuf.
Crazy Yiuf is severely wounded.
Crazy Yiuf hits you with a +2 quarterstaff of chaos.
You feel drained. You block Crazy Yiuf's attack.
You closely miss Crazy Yiuf.
Crazy Yiuf is severely wounded.
Crazy Yiuf hits you with a +2 quarterstaff of chaos.
* * * LOW HITPOINT WARNING * * *
Crazy Yiuf freezes you.
* * * LOW HITPOINT WARNING * * *
You hit Crazy Yiuf.
Crazy Yiuf is severely wounded.
Crazy Yiuf says, "Sif Muna arm green!"
Crazy Yiuf hits you but does no damage.
Crazy Yiuf whimpers, "Goober arm down!"
Crazy Yiuf hits you with a +2 quarterstaff of chaos!
You die...

### ..#######
#.......# #####
#..####.#### #..)#
#..##......# #...#
......#.#### ...
...........# #g#
..[.#...#### ##@#
###>#.### #.##
#.#.# ##.# #...#
#.## ####### ##.##
......# #...##
..###.# #....#
..###'###### ##..##
..#.).)....###....#


You could see Crazy Yiuf.

Vanquished Creatures
  Terence (D:3)
  An adder (D:2)
  2 dart slugs (D:1)
  An orc (D:3)
  4 ball pythons
  6 endoplasms
  4 giant cockroaches
  4 goblins
  2 hobgoblins
  A quokka (D:1)
  4 bats
  3 frilled lizards
  7 kobolds
40 creatures vanquished.

Notes
Turn   | Place    | Note
-------+----------+-------------------------------------------
     0 | D:1      | Ijustatesigmund the Gnoll Fighter began the quest for the
                  | Orb.
     0 | D:1      | Reached XP level 1. HP: 23/23 MP: 1/1
   120 | D:1      | Found Plog's Book Boutique.
   192 | D:1      | Found Ruerphy's Distillery.
   206 | D:1      | Reached XP level 2. HP: 28/29 MP: 2/2
   383 | D:1      | Bought a potion of degeneration for 10 gold pieces
   737 | D:1      | Reached XP level 3. HP: 30/35 MP: 3/3
  1093 | D:2      | Reached skill level 1 in Invocations
  1622 | D:2      | Reached skill level 1 in Short Blades
  1622 | D:2      | Reached skill level 1 in Long Blades
  1622 | D:2      | Reached skill level 1 in Maces & Flails
  1622 | D:2      | Reached skill level 1 in Polearms
  1622 | D:2      | Reached skill level 1 in Staves
  1622 | D:2      | Reached skill level 1 in Ranged Weapons
  1622 | D:2      | Reached skill level 1 in Throwing
  1622 | D:2      | Reached skill level 1 in Dodging
  1622 | D:2      | Reached skill level 1 in Stealth
  1622 | D:2      | Reached skill level 1 in Unarmed Combat
  1622 | D:2      | Reached skill level 1 in Spellcasting
  1622 | D:2      | Reached skill level 1 in Evocations
  1753 | D:3      | Noticed Terence
  1760 | D:3      | Killed Terence
  1761 | D:3      | Reached XP level 4. HP: 38/41 MP: 5/5
  1913 | D:3      | Reached skill level 1 in Conjurations
  1913 | D:3      | Reached skill level 1 in Hexes
  1913 | D:3      | Reached skill level 1 in Summonings
  1913 | D:3      | Reached skill level 1 in Necromancy
  1913 | D:3      | Reached skill level 1 in Translocations
  1913 | D:3      | Reached skill level 1 in Transmutations
  1913 | D:3      | Reached skill level 1 in Fire Magic
  1913 | D:3      | Reached skill level 1 in Ice Magic
  1913 | D:3      | Reached skill level 1 in Air Magic
  1913 | D:3      | Reached skill level 1 in Earth Magic
  1913 | D:3      | Reached skill level 1 in Poison Magic
  1931 | D:3      | Found a runed translucent door.
  1932 | D:3      | Noticed Crazy Yiuf
  2060 | D:3      | Slain by Crazy Yiuf

Illustrated notes

Levels and vault maps discovered:
D:1:      psy_arrival_conway, layout_basic, serial_shops,
          nicolae_shop_temple_entry_statues_fountains, nicolae_shop_stone
D:2:      layout_loops_corners
D:3:      layout_basic, uniq_terence, uniq_crazy_yiuf_cottage

Skill      XL: |  1  2  3  4 |
---------------+-------------+-----
Invocations    | 1 |  1.3
Short Blades   | 1 |  1.2
Long Blades    | 1 |  1.2
Maces & Flails | 1 |  1.2
Polearms       | 1 |  1.2
Staves         | 1 |  1.2
Ranged Weapons | 1 |  1.2
Throwing       | 1 |  1.2
Dodging        | 1 |  1.2
Stealth        | 1 |  1.2
Unarmed Combat | 1 |  1.2
Spellcasting   | 1 |  1.2
Evocations     | 1 |  1.2
Conjurations   | 1 |  1.0
Hexes          | 1 |  1.0
Summonings     | 1 |  1.0
Necromancy     | 1 |  1.0
Translocations | 1 |  1.0
Transmutations | 1 |  1.0
Fire Magic     | 1 |  1.0
Ice Magic      | 1 |  1.0
Air Magic      | 1 |  1.0
Earth Magic    | 1 |  1.0
Poison Magic   | 1 |  1.0
Fighting       | |  6.6
Axes           | |  4.6
Armour         | |  6.6
Shields        | |  6.6

Action                   |  1- 3 |  4- 6 || total
-------------------------+-------+-------++-------
Melee: War axe           |    85 |    28 ||   113
       Bite              |     3 |     1 ||     4
  Use: Scroll            |       |     2 ||     2
Armor: Scale mail        |    43 |       ||    43
       Chain mail        |       |    16 ||    16
Dodge: Dodged            |    32 |    12 ||    44
Block: Buckler           |    25 |     7 ||    32

Table legend: (Time is in decaauts)
 A = Elapsed time spent in this place.
 B = Non-inter-level travel time spent in this place.
 C = Inter-level travel time spent in this place.
 D = Time resting spent in this place.
 E = Time spent auto-exploring this place.
 F = Levels seen in this place.
 G = Mean time per level.
                   A        B        C        D        E       F      G
               +--------+--------+--------+--------+--------+-----+--------+
         Total |   2100 |   1948 |    152 |      4 |   1652 |   3 |  700.0 |
       Dungeon |   2100 |   1948 |    152 |      4 |   1652 |   3 |  700.0 |
               +--------+--------+--------+--------+--------+-----+--------+

Top non-repeatable levels by time:
     D:1: 944 daAuts
     D:2: 839 daAuts
     D:3: 317 daAuts
